 Dungeon Crawl Stone Soup version 0.29-a0-233-g1125b37a9b (webtiles) character file.

Game seed: 9531660952941888044

58 croobank the Firebug (level 4, -3/32 HPs)
             Began as a Gnoll Fire Elementalist on Mar 2, 2022.
             Slain by a gnoll
             ... wielding a +0 spear
              (8 damage)
             ... on level 3 of the Dungeon.
             The game lasted 00:07:02 (2193 turns).

croobank the Firebug (Gnoll Fire Elementalist)      Turns: 2193, Time: 00:07:02

Health: -3/32      AC:  2    Str:  8    XL:     4   Next: 1%
Magic:  11/11      EV: 13    Int: 16    God:
Gold:   123        SH:  0    Dex: 12    Spells: 10/13 levels left

rFire   . . .      SeeInvis .   a - +0 short sword
rCold   . . .      Faith    .   (no shield)
rNeg    . . .      Spirit   .   m - +0 robe
rPois   .          Reflect  .   (no helmet)
rElec   .          Harm     .   (no cloak)
rCorr   .          Rampage  .   (no gloves)
Will    .....                   (no boots)
Stlth   ++........              h - amulet of magic regeneration
HPRegen 0.10/turn               (no ring)
MPRegen 0.52/turn               (no ring)

@: no status effects
A: fangs 1, strong nose, distributed training
a: no special abilities


You were on level 3 of the Dungeon.
You visited 1 branch of the dungeon, and saw 3 of its levels.

You collected 123 gold pieces.

Inventory:

Hand Weapons
 a - a +0 short sword (weapon)
 b - a +0 hunting sling
 k - a +0 whip
 p - a +0 quarterstaff
Missiles
 l - 73 stones
Armour
 g - a +0 leather armour
 m - a +0 robe (worn)
Jewellery
 h - an amulet of magic regeneration (around neck)
 q - a ring of resist corrosion
Wands
 n - a wand of iceblast (4)
Scrolls
 c - a scroll of noise
 e - a scroll of identify
 o - a scroll of amnesia
Potions
 d - 2 potions of magic {unknown}
 f - 3 potions of haste {unknown}
 j - a potion of cancellation {unknown}


   Skills:
 + Level 1.0 Fighting
 + Level 1.0 Short Blades
 + Level 1.0 Long Blades
 + Level 1.0 Axes
 + Level 1.0 Maces & Flails
 + Level 1.0 Polearms
 + Level 1.0 Staves
 + Level 1.0 Slings
 + Level 1.0 Bows
 + Level 1.0 Crossbows
 + Level 1.0 Throwing
 + Level 1.0 Armour
 + Level 4.6 Dodging
 + Level 4.2 Stealth
 + Level 1.0 Shields
 + Level 1.0 Unarmed Combat
 + Level 5.0 Spellcasting
 + Level 2.2 Conjurations
 + Level 0.7 Hexes
 + Level 0.7 Summonings
 + Level 0.7 Necromancy
 + Level 0.7 Translocations
 + Level 0.7 Transmutations
 + Level 5.4 Fire Magic
 + Level 0.7 Ice Magic
 + Level 0.7 Air Magic
 + Level 0.7 Earth Magic
 + Level 0.7 Poison Magic
 + Level 1.1 Invocations
 + Level 1.0 Evocations


You had 10 spell levels left.
You knew the following spells:

 Your Spells              Type           Power      Damage    Failure   Level
a - Foxfire               Conj/Fire      64%        2x1d7     3%          1
b - Scorch                Fire           42%        2d7       2%          2

Your spell library contained the following spells:

 Spells                   Type           Power      Damage    Failure   Level
 Conjure Flame            Conj/Fire      16%        6-21      10%         3
 Inner Flame              Hex/Fire       14%        N/A       13%         3
 Flame Wave               Conj/Fire      16%        2d6       30%         4


Dungeon Overview and Level Annotations

Branches:
Dungeon (3/15)

Altars:

Annotations:
D:3 Sigmund


Innate Abilities, Weirdness & Mutations

You have very sharp teeth.
Your uncanny sense of smell can sniff out nearby items.
Your experience applies equally to all skills.


Message History

As you read the scroll of identify, it crumbles to dust.
o - a scroll of amnesia The gnoll hits your frilled lizard with a +0 spear.
Your frilled lizard dies!
Your frilled lizard's corpse dissolves into shadows!
The gnoll shaman hits you with a +0 club.
Sigmund hits your orc with a +0 scythe.
Your orc hits the gnoll shaman but does no damage.
Casting: Foxfire (safe; 3% risk of failure)
Confirm with . or Enter, or press ? or * to list all spells.
You conjure some foxfire!
The gnoll shaman hits you with a +0 club.
The gnoll closely misses you.
Your orc barely misses Sigmund.
Your orc hits the gnoll shaman with a +0 club.
You swap places.
You are no longer glowing.
The foxfire hits Sigmund.
Sigmund is lightly wounded.
The foxfire hits the gnoll shaman.
The gnoll shaman is moderately wounded.
The gnoll hits you with a +0 spear. The gnoll shaman closely misses you.
Your orc hits the gnoll shaman with a +0 club.
Your orc hits the gnoll shaman with a +0 flail.
Your orc hits Sigmund with a +0 war axe!
Your orc completely misses the gnoll shaman.
There is a large open door, spattered with blood here.
The gnoll barely misses you. Sigmund hits your orc with a +0 scythe!
Your orc dies!
Your orc's corpse dissolves into shadows!
The gnoll hits you from afar with a +0 spear.
* * * LOW HITPOINT WARNING * * *
Your orc completely misses the gnoll shaman.
Your orc hits Sigmund with a +0 war axe!
The gnoll hits something with a +0 spear.
You open the door.
The gnoll hits something with a +0 spear.
The gnoll hits you with a +0 flail.
* * * LOW HITPOINT WARNING * * *
The gnoll hits you from afar with a +0 spear!
You die...

g#....#..#......#..#...#.##......
.#....#..#......#..#...#.........
.#....#..#......#..#...#..#......
g#....# #....oo#..#...#..#.>....
g#....# #....@.#..#...#..#######
.#....# #......og.#...#..#
.#....# #.....ogg.#......#
.#....# ########g.#...##.#
.#....# .......@..#...##.#
......#########'####...##.#
##..................(..##.##
..............>............#
##......)......).......#####
.......#####...............#
######.# #.#############.#
#...#.#####.#<..........#.#
#.#.#.......###########.#.######


You could see 3 gnolls.

Vanquished Creatures
  An adder (D:3)
  2 worms (D:2)
  A dart slug (D:1)
  4 endoplasms (D:1)
  3 giant cockroaches (D:1)
  4 goblins
  4 hobgoblins
  2 quokkas
  3 ball pythons
  5 bats
  A frilled lizard (D:1)
  3 kobolds
  6 rats
39 creatures vanquished.

Vanquished Creatures (others)
  77 foxfires
77 creatures vanquished.

Grand Total: 116 creatures vanquished

Notes
Turn   | Place    | Note
-------+----------+-------------------------------------------
     0 | D:1      | croobank the Gnoll Fire Elementalist began the quest for
                  | the Orb.
     0 | D:1      | Reached XP level 1. HP: 13/13 MP: 6/6
     2 | D:1      | You fall into a shaft and drop 1 floor!
   237 | D:1      | Reached XP level 2. HP: 19/19 MP: 5/7
   240 | D:1      | Learned a level 2 spell: Scorch
   793 | D:1      | Reached XP level 3. HP: 25/25 MP: 9/9
   924 | D:1      | Reached skill level 5 in Spellcasting
  1216 | D:2      | Found a faded altar of an unknown god.
  1337 | D:2      | Reached skill level 1 in Invocations
  2126 | D:3      | Reached skill level 1 in Fighting
  2126 | D:3      | Reached skill level 1 in Short Blades
  2126 | D:3      | Reached skill level 1 in Long Blades
  2126 | D:3      | Reached skill level 1 in Axes
  2126 | D:3      | Reached skill level 1 in Maces & Flails
  2126 | D:3      | Reached skill level 1 in Polearms
  2126 | D:3      | Reached skill level 1 in Staves
  2126 | D:3      | Reached skill level 1 in Slings
  2126 | D:3      | Reached skill level 1 in Bows
  2126 | D:3      | Reached skill level 1 in Crossbows
  2126 | D:3      | Reached skill level 1 in Throwing
  2126 | D:3      | Reached skill level 1 in Armour
  2126 | D:3      | Reached skill level 1 in Shields
  2126 | D:3      | Reached skill level 1 in Unarmed Combat
  2126 | D:3      | Reached skill level 1 in Evocations
  2126 | D:3      | Reached XP level 4. HP: 32/32 MP: 8/11
  2183 | D:3      | Noticed Sigmund
  2193 | D:3      | Slain by a gnoll

Illustrated notes

Levels and vault maps discovered:
D:1:      minmay_arrival_checkered_box, layout_loops_ring
D:2:      layout_loops_ring, ebering_ecumenical_altar_petrified, kennysheep_nub,
          nicolae_wormholes
D:3:      layout_basic, uniq_sigmund

Skill      XL: |  1  2  3 |
---------------+----------+-----
Conjurations   | 2 |  2.2
Spellcasting   | 5 |  5.0
Invocations    | 1 |  1.1
Fighting       | 1 |  1.0
Short Blades   | 1 |  1.0
Long Blades    | 1 |  1.0
Axes           | 1 |  1.0
Maces & Flails | 1 |  1.0
Polearms       | 1 |  1.0
Staves         | 1 |  1.0
Slings         | 1 |  1.0
Bows           | 1 |  1.0
Crossbows      | 1 |  1.0
Throwing       | 1 |  1.0
Armour         | 1 |  1.0
Shields        | 1 |  1.0
Unarmed Combat | 1 |  1.0
Evocations     | 1 |  1.0
Dodging        | |  4.6
Stealth        | |  4.2
Hexes          | |  0.7
Summonings     | |  0.7
Necromancy     | |  0.7
Translocations | |  0.7
Transmutations | |  0.7
Fire Magic     | |  5.4
Ice Magic      | |  0.7
Air Magic      | |  0.7
Earth Magic    | |  0.7
Poison Magic   | |  0.7

Action                   |  1- 3 |  4- 6 || total
-------------------------+-------+-------++-------
Melee: Short sword       |    13 |     3 ||    16
       Bite              |     3 |     1 ||     4
 Cast: Foxfire           |    43 |     3 ||    46
       Scorch            |     6 |       ||     6
  Use: Scroll            |       |     4 ||     4
Armor: Robe              |     5 |       ||     5
Dodge: Dodged            |    14 |     5 ||    19

Table legend: (Time is in decaauts)
 A = Elapsed time spent in this place.
 B = Non-inter-level travel time spent in this place.
 C = Inter-level travel time spent in this place.
 D = Time resting spent in this place.
 E = Time spent auto-exploring this place.
 F = Levels seen in this place.
 G = Mean time per level.
                   A        B        C        D        E       F      G
               +--------+--------+--------+--------+--------+-----+--------+
         Total |   2194 |   2147 |     47 |      0 |   1692 |   3 |  731.3 |
       Dungeon |   2194 |   2147 |     47 |      0 |   1692 |   3 |  731.3 |
               +--------+--------+--------+--------+--------+-----+--------+

Top non-repeatable levels by time:
     D:1: 947 daAuts
     D:2: 624 daAuts
     D:3: 622 daAuts
